[Event "Titled Tuesday Blitz April 05 Late 2022"]
[White "Golubev, Mikhail"]
[Black "Coelho, Ramyres Santana"]
[WhiteFideId "14100983"]
[BlackFideId "2120690"]
[WhiteElo "2374"]
[BlackElo "1888"]
[Result "0-1"]
[Round "03"]
[TimeControl "180+1"]
[Date "2022.04.06"]
[WhiteClock "0:00:04"]
[BlackClock "0:00:37"]

1. d4 Nf6 2. c4 g6 3. Nc3 d5 4. e3 Bg7 5. Nf3 O-O 6. cxd5 Nxd5 7. Bc4 Nxc3 8. bxc3 b6 9. O-O Bb7 10. Re1 c5 11. e4 cxd4 12. cxd4 Nc6 13. Be3 e5 14. Bd5 exd4 15. Nxd4 Nxd4 16. Bxb7 Rb8 17. Bd5 Ne6 18. Rc1 Rc8 19. Bxe6 fxe6 20. Rxc8 Qxc8 21. Qa4 Qc3 22. Rd1 Rc8 23. Qxa7 Qc2 24. Qd7 Kh8 25. h3 Rg8 26. Rc1 Qxe4 27. Rc7 Qb1+ 28. Kh2 Be5+ 29. f4 Bxc7 30. Qxc7 Qe4 31. Qc3+ e5 32. fxe5 h5 33. Bxb6 Qf4+ 34. Kg1 Rf8 35. Be3 Qf1+ 36. Kh2 Qf5 37. e6+ Kh7 38. e7 Re8 39. Bc5 Qf7 40. a3 Qf4+ 41. Kg1 Qf7 42. Qd4 Rxe7 43. Bxe7 Qxe7 44. Qb4 Qe3+ 45. Kh1 Qc1+ 46. Kh2 Qc7+ 47. Qf4 Qxf4+ 0-1


[Site "https://www.chess.com"]

[Event "Titled Tuesday Blitz April 05 Late 2022"]
[White "Gomez Dieguez, David"]
[Black "Putri, Regita Desyari"]
[WhiteFideId "22223630"]
[BlackFideId "7109083"]
[WhiteElo "2115"]
[BlackElo "1930"]
[Result "0-1"]
[Round "03"]
[TimeControl "180+1"]
[Date "2022.04.06"]
[WhiteClock "0:00:03"]
[BlackClock "0:01:19"]

1. c4 Nf6 2. Nf3 e6 3. Nc3 d5 4. e3 Bb4 5. Qc2 O-O 6. a3 Be7 7. b4 b6 8. Bb2 Bb7 9. cxd5 exd5 10. Be2 Nbd7 11. O-O c5 12. bxc5 Nxc5 13. Nb5 a6 14. Nbd4 Rc8 15. Rac1 Re8 16. Qf5 b5 17. Nc2 g6 18. Qh3 Nb3 19. a4 Nxc1 20. Rxc1 b4 21. Ncd4 Rxc1+ 22. Bxc1 Qc8 23. Bb2 Qxh3 24. gxh3 Rc8 25. a5 Ne4 26. Kf1 Bf6 27. Ke1 Nc5 28. d3 Na4 29. Ba1 Nc3 30. Bxc3 Rxc3 31. Kd2 Ra3 32. Bd1 Rxa5 33. Nb3 Ra2+ 34. Bc2 Bc3+ 35. Kc1 a5 36. d4 a4 37. Nc5 Bc6 0-1


[Site "https://www.chess.com"]

[Event "Titled Tuesday Blitz April 05 Late 2022"]
[White "Hamidi, Amir Mohammad"]
[Black "Nepomniachtchi, Ian"]
[WhiteFideId "12563285"]
[BlackFideId "4168119"]
[WhiteElo "2273"]
[BlackElo "2740"]
[Result "0-1"]
[Round "03"]
[TimeControl "180+1"]
[Date "2022.04.05"]
[WhiteClock "0:00:18"]
[BlackClock "0:01:32"]

1. d4 f5 2. Nc3 Nf6 3. Bg5 d5 4. f3 Be6 5. e3 Nbd7 6. Qd2 c6 7. Nge2 h6 8. Bh4 g5 9. Bf2 Bg7 10. h4 b5 11. Ng3 Nb6 12. b3 b4 13. Nd1 a5 14. Nb2 Qc8 15. Nd3 Nfd7 16. Nh5 Kf7 17. Nxg7 Kxg7 18. Bg3 Nf6 19. Nc5 Bf7 20. Bd3 Bg6 21. Be5 Kf7 22. O-O-O Nbd7 23. hxg5 Nxc5 24. dxc5 hxg5 25. e4 Qe6 26. Bb2 Rxh1 27. Rxh1 fxe4 28. fxe4 Bxe4 29. Bxe4 Nxe4 30. Qd3 Rf8 31. Bd4 Kg6 32. Qe2 g4 33. Qe3 Ng5 34. Qg3 Qe4 35. Bb2 Qf4+ 0-1


[Site "https://www.chess.com"]

[Event "Titled Tuesday Blitz April 05 Late 2022"]
[White "Harish, Neeraj"]
[Black "Bilan, Danila"]
[WhiteFideId "30958130"]
[BlackFideId "24161918"]
[WhiteElo "1574"]
[BlackElo "2164"]
[Result "0-1"]
[Round "03"]
[TimeControl "180+1"]
[Date "2022.04.06"]
[WhiteClock "0:00:03"]
[BlackClock "0:00:11"]

1. e4 c6 2. d4 d5 3. e5 c5 4. dxc5 Nc6 5. f4 Bf5 6. c3 e6 7. b4 f6 8. Nf3 fxe5 9. fxe5 Be7 10. Bb5 Nh6 11. Bxh6 gxh6 12. O-O Qd7 13. Nd4 Bg6 14. Qa4 Rc8 15. Nd2 Bg5 16. N2f3 O-O 17. Nxg5 hxg5 18. Bxc6 bxc6 19. Qd1 Rxf1+ 20. Qxf1 Rf8 21. Qe2 h5 22. Rf1 Rxf1+ 23. Qxf1 Qg7 24. Nxe6 Qxe5 25. Qf8+ Kh7 26. Qe7+ Kh6 27. Qf8+ Kh7 0-1


[Site "https://www.chess.com"]

[Event "Titled Tuesday Blitz April 05 Late 2022"]
[White "Harshavardhan G B"]
[Black "Zherebtsova, Alexandra"]
[WhiteFideId "25059009"]
[BlackFideId "24129518"]
[WhiteElo "1831"]
[BlackElo "2025"]
[Result "1-0"]
[Round "03"]
[TimeControl "180+1"]
[Date "2022.04.06"]
[WhiteClock "0:01:01"]
[BlackClock "0:00:11"]

1. e4 e5 2. Nc3 Nc6 3. Bc4 Nf6 4. d3 Na5 5. Nge2 Nxc4 6. dxc4 d6 7. Bg5 c6 8. Qd2 h6 9. Bxf6 Qxf6 10. O-O-O Be6 11. b3 O-O-O 12. Rdf1 g5 13. f3 Bg7 14. Qe3 Kb8 15. Kb2 Rd7 16. g4 Rhd8 17. Rd1 d5 18. cxd5 cxd5 19. exd5 Bxd5 20. Nxd5 Rxd5 21. Rxd5 Rxd5 22. c3 Qd8 23. Kc2 Qa5 24. Nc1 e4 25. fxe4 Rc5 26. c4 Qa3 27. Rf1 Rc7 28. Rf5 Rxc4+ 29. Kd1 Rd4+ 30. Ke1 Qe7 31. e5 Rxg4 32. Nd3 Rg2 33. Qf3 Rxa2 34. Rxf7 Ra1+ 35. Ke2 Ra2+ 36. Kd1 Ra1+ 37. Ke2 Ra2+ 38. Ke3 1-0


[Site "https://www.chess.com"]

[Event "Titled Tuesday Blitz April 05 Late 2022"]
[White "Hasangatin, Ramil"]
[Black "Mickiewicz, Piotr"]
[WhiteFideId "4122160"]
[BlackFideId "1114891"]
[WhiteElo "2375"]
[BlackElo "2266"]
[Result "0-1"]
[Round "03"]
[TimeControl "180+1"]
[Date "2022.04.06"]
[WhiteClock "0:00:13"]
[BlackClock "0:00:25"]

1. e4 c5 2. Nf3 e6 3. g3 d6 4. Bg2 Nf6 5. d3 Be7 6. O-O O-O 7. Re1 Qc7 8. c3 b6 9. d4 Bb7 10. e5 dxe5 11. dxe5 Nfd7 12. Bf4 Nc6 13. Qe2 h6 14. h4 Rad8 15. Nbd2 Na5 16. Nf1 Bc6 17. N3d2 Bxg2 18. Kxg2 c4 19. Ne3 b5 20. Ne4 Qc6 21. Qf3 Nc5 22. Nxc5 Bxc5 23. Rad1 Rd3 24. b4 Bxe3 25. Bxe3 Qxf3+ 26. Kxf3 Nc6 27. Ke4 Rfd8 28. Rxd3 Rxd3 29. Rc1 h5 30. a4 a6 31. axb5 axb5 32. f3 Kh7 33. f4 Kg6 34. Rc2 Ne7 35. Rc1 Nd5 36. Bd4 Rxg3 37. f5+ Kh7 38. fxe6 fxe6 39. Ra1 g5 40. hxg5 Kg6 41. Ra5 h4 42. Rxb5 Re3+ 43. Bxe3 Nxc3+ 44. Kf4 Nxb5 45. Kg4 c3 46. Kxh4 c2 47. Kg4 Nc3 48. Bd2 Na2 49. b5 c1=Q 50. Bxc1 Nxc1 51. b6 Nd3 52. b7 Nxe5+ 53. Kf4 Nc6 54. b8=Q Nxb8 55. Ke5 Kf7 56. g6+ Ke7 57. g7 Nd7+ 58. Kf4 Nf6 59. Kg5 Ng8 60. Kg6 Ke8 0-1


[Site "https://www.chess.com"]

[Event "Titled Tuesday Blitz April 05 Late 2022"]
[White "Hernandez Bermudez, Ulises Eduardo"]
[Black "Miszler, Levente"]
[WhiteFideId "3902510"]
[BlackFideId "763276"]
[WhiteElo "2056"]
[BlackElo "1966"]
[Result "0-1"]
[Round "03"]
[TimeControl "180+1"]
[Date "2022.04.06"]
[WhiteClock "0:00:02"]
[BlackClock "0:00:32"]

1. e4 e6 2. d4 d5 3. e5 c5 4. c3 Nc6 5. Nf3 Bd7 6. a3 c4 7. g3 Na5 8. Nbd2 Ne7 9. h4 Nc8 10. Bh3 Nb6 11. O-O Ba4 12. Qe2 Nb3 13. Nxb3 Bxb3 14. Ng5 Be7 15. f4 h6 16. Nf3 g6 17. h5 Rg8 18. Kh2 Qd7 19. Nd2 Ba4 20. hxg6 fxg6 21. Qg4 O-O-O 22. Qxe6 Kb8 23. Qxd7 Nxd7 24. f5 gxf5 25. Rxf5 Rdf8 26. Nf3 Bc2 27. Rxf8+ Rxf8 28. Bf4 Kc7 29. e6+ Rxf4 30. gxf4 Nf6 31. Rg1 Nh5 32. f5 Bd6+ 33. Ne5 Kd8 34. Rg6 Nf4 35. Rxh6 Nd3 36. f6 Nxe5 37. dxe5 Bxe5+ 38. Kg1 d4 39. Rh8+ Kc7 40. e7 dxc3 41. bxc3 Bxf6 42. e8=Q Bxc3 43. Qd8+ Kc6 44. Bg2+ Kb5 45. Rh5+ Ka4 46. Qd7+ Kb3 47. Qb5+ Ka2 0-1


[Site "https://www.chess.com"]

[Event "Titled Tuesday Blitz April 05 Late 2022"]
[White "Herrera Reyes, Jose Antonio"]
[Black "Janturin, Artur"]
[WhiteFideId "2274914"]
[BlackFideId "4130022"]
[WhiteElo "2361"]
[BlackElo "2350"]
[Result "1-0"]
[Round "03"]
[TimeControl "180+1"]
[Date "2022.04.06"]
[WhiteClock "0:01:03"]
[BlackClock "0:00:02"]

1. Nf3 b6 2. g3 Bb7 3. Bg2 Nf6 4. d3 g6 5. Nc3 Bg7 6. h4 h5 7. e4 d6 8. O-O Nbd7 9. Bg5 c6 10. Qd2 Qc7 11. a4 a6 12. b4 O-O 13. Bh6 b5 14. Bxg7 Kxg7 15. Ng5 c5 16. axb5 cxb4 17. Nd5 Bxd5 18. exd5 axb5 19. Rxa8 Rxa8 20. Qxb4 Qc5 21. Qb2 b4 22. Re1 Kf8 23. Nh7+ Kg7 24. Rxe7 Qc3 25. Qxc3 bxc3 26. Ng5 Ra1+ 27. Bf1 Ne5 28. d4 Nxd5 29. Rb7 Nc4 30. Rxf7+ Kg8 31. Kg2 Nce3+ 32. fxe3 Nxe3+ 33. Kg1 Nxc2 34. Kf2 Nxd4 35. Bc4 c2 36. Ra7+ Kf8 37. Rxa1 1-0


[Site "https://www.chess.com"]

[Event "Titled Tuesday Blitz April 05 Late 2022"]
[White "Hnydiuk, Aleksander"]
[Black "Rustemov, Alexander"]
[WhiteFideId "1109057"]
[BlackFideId "4119002"]
[WhiteElo "2374"]
[BlackElo "2798"]
[Result "1-0"]
[Round "03"]
[TimeControl "180+1"]
[Date "2022.04.06"]
[WhiteClock "0:00:12"]
[BlackClock "0:00:46"]

1. e4 e6 2. d4 d5 3. Nc3 Bb4 4. e5 c5 5. a3 Bxc3+ 6. bxc3 Ne7 7. h4 Qc7 8. h5 cxd4 9. cxd4 Qc3+ 10. Bd2 Qxd4 11. Nf3 Qe4+ 12. Be2 Nf5 13. Kf1 b6 14. h6 gxh6 15. Bxh6 Rg8 16. Bg5 Ba6 17. Bxa6 Nxa6 18. Rxh7 Rc8 19. Qd3 Nc5 20. Qb5+ Nd7 21. Rxf7 Qc4+ 22. Qxc4 Rxc4 23. Rh7 Rxc2 24. a4 a5 25. g4 Ng7 26. Nd4 Rc4 27. Nb5 Rxg4 28. Nd6+ Kf8 29. Rc1 Nc5 30. Bf6 Rxa4 31. Rc3 Ra1+ 32. Ke2 Ra2+ 33. Kf1 Ra1+ 34. Kg2 Nf5+ 35. Kh2 Rag1 36. Rf7# 1-0


[Site "https://www.chess.com"]

[Event "Titled Tuesday Blitz April 05 Late 2022"]
[White "Horcajuelo Rocamora, Martin"]
[Black "Rosen, Eric"]
[WhiteFideId "24573027"]
[BlackFideId "2032562"]
[WhiteElo "1822"]
[BlackElo "2362"]
[Result "1-0"]
[Round "03"]
[TimeControl "180+1"]
[Date "2022.04.06"]
[WhiteClock "0:00:33"]
[BlackClock "0:00:09"]

1. e3 d5 2. Nf3 Nf6 3. b3 Bf5 4. Bb2 e6 5. d4 Nbd7 6. Bd3 Bd6 7. O-O c6 8. Ne5 Bxe5 9. dxe5 Ng4 10. Bxf5 exf5 11. Qf3 Ndxe5 12. Qxf5 Qd6 13. f4 g6 14. fxe5 Qe6 15. Qxe6+ fxe6 16. Rf3 Rf8 17. Nd2 Rxf3 18. Nxf3 Nxe3 19. c3 Kd7 20. Re1 Nf5 21. g4 Ne7 22. Kg2 h6 23. Ba3 Nc8 24. Nd4 b6 25. Rf1 c5 26. Nb5 Ke7 27. Rf6 a6 28. Nc7 Ra7 29. Nxe6 h5 30. Nxc5 hxg4 31. Ne6+ Ke8 32. Rf8+ Kd7 33. Nf4 Ra8 34. e6+ Kc7 35. Nxd5+ Kc6 36. e7 Nxe7 37. Nxe7+ Kb7 38. Rxa8 Kxa8 39. Nxg6 Kb7 40. Ne5 a5 41. Nxg4 Ka6 42. h4 a4 43. bxa4 Ka5 44. Bb4+ Kxa4 45. a3 Kb3 46. h5 Kc4 47. h6 Kb3 48. h7 b5 49. h8=Q Ka4 50. Ne3 Kb3 51. Nd1 Ka4 52. Qh7 Kb3 53. Qb1+ Kc4 54. Ne3# 1-0


[Site "https://www.chess.com"]

[Event "Titled Tuesday Blitz April 05 Late 2022"]
[White "Ibarra Jerez, Jose Carlos"]
[Black "Sadhwani, Raunak"]
[WhiteFideId "2226332"]
[BlackFideId "35093487"]
[WhiteElo "2626"]
[BlackElo "2616"]
[Result "0-1"]
[Round "03"]
[TimeControl "180+1"]
[Date "2022.04.05"]
[WhiteClock "0:00:04"]
[BlackClock "0:00:04"]

1. e4 g6 2. d4 Bg7 3. Nc3 d6 4. Be3 a6 5. Nf3 b5 6. Bd3 Bb7 7. e5 Nd7 8. e6 fxe6 9. Ng5 Nf8 10. O-O Nf6 11. Re1 Qd7 12. Bd2 h6 13. Nf3 g5 14. a4 bxa4 15. Rxa4 Nd5 16. Nxd5 Bxd5 17. Rxa6 Rxa6 18. Bxa6 Qc6 19. Be2 Nd7 20. h3 O-O 21. c3 Nf6 22. b3 Qb7 23. c4 Be4 24. Bc3 g4 25. hxg4 Nxg4 26. b4 Qa8 27. Qd2 Qe8 28. Bd1 d5 29. cxd5 exd5 30. Rf1 Qh5 31. Re1 e6 32. b5 Kh8 33. Bb4 Rf7 34. Bc5 Bf6 35. b6 cxb6 36. Bxb6 Bg5 37. Qc3 Bf4 38. Qc8+ Kg7 39. Qxe6 Bh2+ 40. Kf1 Bf4 41. Kg1 Bh2+ 42. Kf1 Bd3+ 43. Be2 Bf5 44. Qxd5 Bg3 45. Bc4 Bd3+ 46. Bxd3 Qxd5 47. fxg3 Nh2+ 48. Kg1 Nxf3+ 49. gxf3 Qxf3 50. Rd1 Qxd1+ 0-1


[Site "https://www.chess.com"]

[Event "Titled Tuesday Blitz April 05 Late 2022"]
[White "Ishbaev, Alibek"]
[Black "Sztokbant, Bernardo Vainzoff"]
[WhiteFideId "14205017"]
[BlackFideId "2115956"]
[WhiteElo "2275"]
[BlackElo "2225"]
[Result "0-1"]
[Round "03"]
[TimeControl "180+1"]
[Date "2022.04.06"]
[WhiteClock "0:02:14"]
[BlackClock "0:01:23"]

1. c4 Nf6 2. Nc3 c5 3. e4 Nc6 4. g3 g6 5. Bg2 Bg7 6. Nge2 O-O 7. O-O d6 8. d3 Ne8 9. h3 Nc7 10. f4 Ne6 11. f5 Ned4 12. g4 Rb8 13. Be3 a6 14. Qd2 b5 15. Rab1 b4 16. Nd5 Be5 17. Nxd4 Nxd4 18. Bh6 Re8 19. Rf2 Bb7 20. Rbf1 Bxd5 21. exd5 f6 22. h4 Kh8 23. Be4 gxf5 24. Bxf5 Rg8 25. g5 Qe8 26. Rg2 Qh5 27. Qf2 fxg5 28. Bxg5 Rbf8 29. Bg4 Rxf2 30. Bxh5 Rxg2+ 31. Kxg2 h6 32. Bf7 Rg7 0-1


[Site "https://www.chess.com"]

[Event "Titled Tuesday Blitz April 05 Late 2022"]
[White "Iskusnyh, Sergei"]
[Black "Hess, Robert"]
[WhiteFideId "4120027"]
[BlackFideId "2022036"]
[WhiteElo "2492"]
[BlackElo "2557"]
[Result "1/2-1/2"]
[Round "03"]
[TimeControl "180+1"]
[Date "2022.04.05"]
[WhiteClock "0:00:08"]
[BlackClock "0:00:09"]

1. d4 g6 2. c4 Bg7 3. Nf3 d6 4. g3 Nd7 5. Bg2 e6 6. Nc3 Ne7 7. O-O h6 8. e4 b6 9. Be3 Bb7 10. Qc2 g5 11. d5 e5 12. b4 a5 13. a3 O-O 14. Rab1 axb4 15. axb4 f5 16. exf5 Nxf5 17. Ne4 g4 18. Nfd2 Ra3 19. Rb3 Qa8 20. h3 Qa4 21. hxg4 Nxe3 22. fxe3 Rxf1+ 23. Bxf1 Ra2 24. Qd3 Nf8 25. c5 bxc5 26. bxc5 Bc8 27. cxd6 cxd6 28. Rb8 Bxg4 29. Nf6+ Bxf6 30. Qg6+ Bg7 31. Bd3 Ra1+ 32. Nf1 e4 33. Bxe4 Rxf1+ 34. Kxf1 Qd1+ 35. Kf2 Qe2+ 36. Kg1 Qxe3+ 37. Kh2 Qf2+ 38. Bg2 Bf3 39. Rxf8+ Kxf8 40. Qf5+ Ke7 41. Qxf3 Qxf3 42. Bxf3 Kf6 43. Bg4 Ke5 44. Be6 Ke4 45. Kg2 Ke5 46. Bf7 Bf6 47. Be6 Bg5 48. Bf7 Bf6 49. Be6 Bg5 50. Bf7 Bf6 1/2-1/2


[Site "https://www.chess.com"]

[Event "Titled Tuesday Blitz April 05 Late 2022"]
[White "Jacobson, Brandon"]
[Black "Pinheiro, Iung Alicio de O."]
[WhiteFideId "30901561"]
[BlackFideId "2104350"]
[WhiteElo "2362"]
[BlackElo "2551"]
[Result "1-0"]
[Round "03"]
[TimeControl "180+1"]
[Date "2022.04.05"]
[WhiteClock "0:01:58"]
[BlackClock "0:00:07"]

1. e4 c5 2. Nf3 Nc6 3. Bb5 e6 4. Bxc6 bxc6 5. d3 Ne7 6. h4 Qc7 7. h5 f6 8. h6 g6 9. d4 cxd4 10. Qxd4 e5 11. Qc4 Rb8 12. Nc3 Qa5 13. Bd2 Ba6 14. Qa4 Qxa4 15. Nxa4 Bb5 16. Nc5 Nc8 17. Be3 Bc4 18. b3 Bf7 19. c4 d6 20. Na4 d5 21. cxd5 cxd5 22. exd5 Bxd5 23. O-O Ba3 24. Rfd1 Be6 25. Bc5 Bxc5 26. Nxc5 Bg4 27. Rac1 Nb6 28. Na6 Rd8 29. Rxd8+ Kxd8 30. Rc7 Nd7 31. Rxa7 Bxf3 32. gxf3 Re8 33. Nc7 Re7 34. Nd5 1-0


[Site "https://www.chess.com"]

[Event "Titled Tuesday Blitz April 05 Late 2022"]
[White "Jaracz, Pawel"]
[Black "Degardin, Sylvain"]
[WhiteFideId "1102222"]
[BlackFideId "20623070"]
[WhiteElo "2429"]
[BlackElo "2156"]
[Result "1-0"]
[Round "03"]
[TimeControl "180+1"]
[Date "2022.04.06"]
[WhiteClock "0:00:08"]
[BlackClock "0:00:04"]

1. e4 c5 2. Nc3 Nc6 3. f4 g6 4. Nf3 Bg7 5. Bb5 Nd4 6. Bc4 e6 7. Nxd4 cxd4 8. Ne2 Ne7 9. d3 d5 10. Bb5+ Bd7 11. Bxd7+ Qxd7 12. e5 Nc6 13. O-O O-O 14. Kh1 Rac8 15. Bd2 f6 16. exf6 Bxf6 17. Ng1 Rf7 18. Qg4 Ne7 19. Rfc1 Nf5 20. Nf3 Qd6 21. Qh3 Rfc7 22. Ne1 Ne3 23. Bxe3 dxe3 24. c3 Qxf4 25. Qxe6+ Kg7 26. Nf3 d4 27. c4 Rf8 28. Re1 Re7 29. Qd5 g5 30. Re2 g4 31. Ng1 Re5 32. Qxb7+ Rf7 33. Qc8 Rh5 34. g3 Qxg3 35. Rg2 Qd6 36. Rf1 g3 37. h3 Qe5 38. Nf3 Qc7 39. Qg4+ Kh6 40. Qe6 Qd7 41. Qxd7 Rxd7 42. Rxg3 Rg7 43. Rxg7 Kxg7 44. Ng1 Ra5 45. a3 Bh4 46. Ne2 Bf2 47. Kg2 Rg5+ 48. Kf3 Rh5 49. b4 Rxh3+ 50. Ke4 Rh4+ 51. Kf3 Kf6 52. c5 Ke5 53. Rc1 Rh3+ 54. Kg4 Rh2 55. c6 h5+ 56. Kf3 Rh3+ 57. Kg2 Rh4 58. c7 Rg4+ 59. Kf3 Rg8 60. c8=Q Rxc8 61. Rxc8 h4 62. Rh8 Kd5 63. Rh5+ Kc6 64. Nxd4+ Kb6 65. Ne2 a6 66. a4 Kc6 67. Ke4 Kb6 68. Rh6+ Kb7 69. b5 axb5 70. axb5 Kc7 71. Kd5 Kb7 72. Kc5 Bg3 73. Rh7+ Kb8 74. Kc6 Bf2 75. b6 1-0


[Site "https://www.chess.com"]

[Event "Titled Tuesday Blitz April 05 Late 2022"]
[White "Jarocka, Liwia"]
[Black "Curtis, John"]
[WhiteFideId "21807558"]
[BlackFideId "3200256"]
[WhiteElo "1896"]
[BlackElo "2203"]
[Result "0-1"]
[Round "03"]
[TimeControl "180+1"]
[Date "2022.04.06"]
[WhiteClock "0:00:11"]
[BlackClock "0:00:49"]

1. e4 e5 2. Bc4 Nf6 3. d3 Be7 4. Nf3 d6 5. O-O O-O 6. c3 c6 7. Bb3 a5 8. Nbd2 Nbd7 9. Re1 b5 10. Nf1 Nc5 11. Bc2 b4 12. d4 Ncd7 13. h3 c5 14. Ng3 Bb7 15. d5 c4 16. Nf5 Re8 17. Qe2 Ba6 18. Nxe7+ Qxe7 19. Nh4 g6 20. Bg5 b3 21. Bd1 h6 22. Bxh6 Nxd5 23. Nxg6 fxg6 24. exd5 Qh4 25. Qg4 Qxg4 26. Bxg4 Nc5 27. Be3 Nd3 28. Re2 a4 29. a3 Bc8 30. Rd1 Bxg4 31. hxg4 Ra5 32. Bc1 Rxd5 33. Re4 Rc8 34. g5 Nxf2 35. Rxd5 Nxe4 36. Ra5 d5 37. Rxd5 Rc5 38. Rd8+ Kf7 39. Kf1 Rc6 40. Ke2 Nc5 41. Ra8 Nd3 42. Kd1 Rd6 43. Ra7+ Ke6 44. Bd2 Nxb2+ 45. Kc1 Kf5 46. Kxb2 Rxd2+ 47. Kc1 Rc2+ 48. Kb1 Rxc3 49. Rxa4 e4 50. Ra5+ Kf4 51. Ra8 e3 52. Re8 Rd3 53. a4 c3 0-1


[Site "https://www.chess.com"]

[Event "Titled Tuesday Blitz April 05 Late 2022"]
[White "Jobava, Baadur"]
[Black "Gledura, Benjamin"]
[WhiteFideId "13601520"]
[BlackFideId "712779"]
[WhiteElo "2617"]
[BlackElo "2326"]
[Result "0-1"]
[Round "03"]
[TimeControl "180+1"]
[Date "2022.04.05"]
[WhiteClock "0:00:02"]
[BlackClock "0:00:07"]

1. b3 d5 2. Bb2 c6 3. e3 Bf5 4. f4 h6 5. Nf3 e6 6. Nc3 Nf6 7. h3 Nbd7 8. g4 Bh7 9. Bg2 Bd6 10. Qe2 Qe7 11. O-O-O a5 12. Kb1 a4 13. Nxa4 b5 14. Nc3 Ba3 15. Ba1 Bb4 16. Nd4 Bxc3 17. Bxc3 Qa3 18. d3 Qxa2+ 19. Kc1 b4 20. Bb2 c5 21. Nxe6 fxe6 22. g5 O-O 23. gxf6 Nxf6 24. Rhg1 Ra7 25. e4 d4 26. h4 Kh8 27. Bh3 Bg8 28. Rg3 Ne8 29. Qd2 Nd6 30. Rdg1 e5 31. fxe5 c4 32. Bxd4 c3 33. Bxc3 bxc3 34. Qxc3 Nb5 35. Qb2 Qa5 36. b4 Qb6 37. e6 Nd4 38. Bg4 Rc8 39. Bd1 Bxe6 40. Rg6 Ra2 41. Qxa2 Ne2+ 42. Kd2 Qxb4+ 43. Kxe2 Bxa2 44. Rxg7 Qd4 45. R7g6 Kh7 46. h5 Qe5 47. Kd2 Qf4+ 48. Ke2 Bf7 49. Rg7+ Kh8 50. Rxf7 Qxf7 51. Ke3 Qf6 52. Bg4 Qg5+ 53. Ke2 Rf8 54. Rg2 Qf4 55. Bf5 Re8 56. Kd1 Qf3+ 57. Re2 Qf1+ 58. Kd2 Qf4+ 59. Kd1 Rg8 60. Re1 Ra8 0-1


[Site "https://www.chess.com"]

[Event "Titled Tuesday Blitz April 05 Late 2022"]
[White "Jumabayev, Rinat"]
[Black "Rostovtsev, Dmitry"]
[WhiteFideId "13702661"]
[BlackFideId "34278320"]
[WhiteElo "2561"]
[BlackElo "2272"]
[Result "1-0"]
[Round "03"]
[TimeControl "180+1"]
[Date "2022.04.05"]
[WhiteClock "0:00:18"]
[BlackClock "0:01:11"]

1. d4 Nf6 2. Bf4 e6 3. e3 c5 4. Nf3 cxd4 5. exd4 b6 6. Nbd2 Bb7 7. Bd3 Be7 8. O-O Nh5 9. Be3 d6 10. c4 O-O 11. d5 e5 12. Nxe5 Nf6 13. Nef3 Nbd7 14. h3 Nc5 15. Bc2 a5 16. Re1 a4 17. Nd4 Re8 18. Nb1 a3 19. Nxa3 Nfd7 20. Nab5 Ne5 21. b3 Bf6 22. a4 Qd7 23. Rc1 Ba6 24. Bf5 Qd8 25. f4 Ng6 26. Nc6 Rxe3 27. Nxd8 Rxe1+ 28. Qxe1 Rxd8 29. Qe3 Bxb5 30. axb5 Kf8 31. Re1 Ne7 32. Bc2 Rc8 33. g4 h6 34. b4 Nd7 35. Bd3 g5 36. Rf1 Kg7 37. h4 gxh4 38. g5 hxg5 39. fxg5 Be5 40. Qh3 Rd8 41. Qxh4 Rh8 42. Qf2 f6 43. Bf5 Nf8 44. gxf6+ Bxf6 45. Be6 Rh6 46. Qxb6 Nxe6 47. dxe6 Rg6+ 48. Kf2 Nf5 49. Qb7+ Be7 50. Ke1 Rxe6+ 51. Kd2 Kf6 52. b6 Re5 53. Qc8 Kg6 54. Rxf5 Rxf5 55. Qxf5+ Kxf5 56. b7 d5 57. b8=Q dxc4 58. Kc3 Bd6 59. Qxd6 1-0


[Site "https://www.chess.com"]

[Event "Titled Tuesday Blitz April 05 Late 2022"]
[White "Karas, Marek"]
[Black "Estrada Nieto, Julian"]
[WhiteFideId "14928558"]
[BlackFideId "5101018"]
[WhiteElo "2271"]
[BlackElo "2252"]
[Result "1-0"]
[Round "03"]
[TimeControl "180+1"]
[Date "2022.04.06"]
[WhiteClock "0:00:06"]
[BlackClock "0:00:04"]

1. e4 e5 2. d4 exd4 3. c3 d5 4. exd5 Qxd5 5. cxd4 Nc6 6. Nf3 Bg4 7. Be2 Bb4+ 8. Nc3 Bxf3 9. Bxf3 Qc4 10. d5 Nd4 11. Bd2 Qd3 12. Rc1 Nxf3+ 13. Qxf3 Qxf3 14. gxf3 O-O-O 15. a3 Ba5 16. b4 Bb6 17. O-O Nf6 18. Bg5 Rhe8 19. Rfd1 Kb8 20. Kf1 Re5 21. Bh4 g5 22. Bg3 Rf5 23. Kg2 Nxd5 24. Ne4 Rg8 25. a4 a5 26. bxa5 Bxa5 27. Rc5 Nf4+ 28. Kf1 Rxc5 29. Nxc5 Bb6 30. Nd7+ Ka7 31. Nf6 Rg6 32. Ne4 f5 33. Nc3 c6 34. h4 h6 35. Na2 Re6 36. Nb4 Ba5 37. Nc2 Ng6 38. Nd4 Rf6 39. hxg5 hxg5 40. Nb3 Bb6 41. Bd6 g4 42. a5 Bd8 43. Bc5+ b6 44. Rxd8 bxc5 45. Nxc5 gxf3 46. Rd7+ Kb8 47. Rb7+ Kc8 48. a6 Nf4 49. a7 Rd6 50. a8=Q# 1-0


[Site "https://www.chess.com"]

[Event "Titled Tuesday Blitz April 05 Late 2022"]
[White "Kazakouski, Valery"]
[Black "Manukyan, Sargis A."]
[WhiteFideId "13507443"]
[BlackFideId "13303970"]
[WhiteElo "2524"]
[BlackElo "2187"]
[Result "1-0"]
[Round "03"]
[TimeControl "180+1"]
[Date "2022.04.05"]
[WhiteClock "0:01:19"]
[BlackClock "0:00:41"]

1. d4 d5 2. c4 e6 3. Nf3 Nf6 4. g3 Be7 5. Bg2 O-O 6. O-O dxc4 7. Ne5 Nc6 8. Nxc6 bxc6 9. Na3 Bxa3 10. bxa3 Rb8 11. Qa4 Rb6 12. Rd1 Ba6 13. e4 Bb5 14. Qc2 Qe7 15. a4 Ba6 16. Qc3 Rfb8 17. Ba3 Qd7 18. Bc5 R6b7 19. Qa5 Rb6 20. Bxb6 Rxb6 21. Rac1 h6 22. h3 Qe7 23. Rb1 Bc8 24. Qxa7 Rxb1 25. Rxb1 Kh7 26. Qc5 Qd8 27. Qxc4 Nd7 28. Qxc6 Nb6 29. a5 Bd7 30. Qc2 Ba4 31. Qc3 1-0


[Site "https://www.chess.com"]

[Event "Titled Tuesday Blitz April 05 Late 2022"]
[White "Keymer, Vincent"]
[Black "Le Goff, Ronan"]
[WhiteFideId "12940690"]
[BlackFideId "612073"]
[WhiteElo "2557"]
[BlackElo "2276"]
[Result "1-0"]
[Round "03"]
[TimeControl "180+1"]
[Date "2022.04.05"]
[WhiteClock "0:00:47"]
[BlackClock "0:00:26"]

1. Nf3 Nf6 2. c4 e6 3. Nc3 d5 4. e3 Be7 5. b3 O-O 6. Bb2 c5 7. cxd5 Nxd5 8. Qc2 Nxc3 9. Bxc3 Nc6 10. a3 h6 11. h4 Bf6 12. Ng5 Bxg5 13. hxg5 Qxg5 14. Bd3 e5 15. Bh7+ Kh8 16. Be4 f5 17. Bxc6 bxc6 18. Bxe5 f4 19. exf4 Qf5 20. Rxh6+ Kg8 21. Qxf5 Bxf5 22. Rxc6 Rfc8 23. Rxc8+ Rxc8 24. Rc1 Be6 25. b4 c4 26. f3 a6 27. Kf2 Rd8 28. Bc3 Kf7 29. Re1 g6 30. g4 Rd7 31. Rh1 Ke8 32. Rh8+ Kf7 33. Rh7+ Ke8 34. Rh6 Kf7 35. f5 gxf5 36. gxf5 Bxf5 37. Rf6+ 1-0


[Site "https://www.chess.com"]

[Event "Titled Tuesday Blitz April 05 Late 2022"]
[White "Kobalia, Mikhail"]
[Black "Rudzinska, Michalina"]
[WhiteFideId "4119150"]
[BlackFideId "1172883"]
[WhiteElo "2667"]
[BlackElo "1904"]
[Result "1-0"]
[Round "03"]
[TimeControl "180+1"]
[Date "2022.04.05"]
[WhiteClock "0:00:42"]
[BlackClock "0:00:03"]

1. e4 c5 2. Nf3 e6 3. g3 b6 4. Bg2 Bb7 5. Nc3 d6 6. O-O Nf6 7. d4 cxd4 8. Nxd4 Nbd7 9. Re1 a6 10. e5 Bxg2 11. exf6 Bb7 12. fxg7 Bxg7 13. Nxe6 fxe6 14. Rxe6+ Kf7 15. Rxd6 Nf6 16. Rxd8 Raxd8 17. Qe2 Rhe8 18. Be3 b5 19. Rd1 b4 20. Qc4+ Kg6 21. Rxd8 Rxd8 22. Qxb4 Bf3 23. h3 h5 24. Qf4 Bb7 25. g4 hxg4 26. hxg4 Kh7 27. Qf5+ Kh8 28. g5 Nd5 29. Qh3+ Kg8 30. Qe6+ Kh8 31. Nxd5 Bxd5 32. Qh3+ Kg8 33. g6 Kf8 34. Bc5+ Ke8 35. Qe3+ Kd7 36. Qe7+ Kc8 37. Qxg7 1-0


[Site "https://www.chess.com"]